 Dungeon Crawl Stone Soup version 0.21-a0-265-gb353147 (console) character file.

3862 removed the Stinger (level 9, 0/74 HPs)
             Began as a Demigod Venom Mage on Sept 11, 2017.
             Slain by a warg (4 damage)
             ... on level 9 of the Dungeon.
             The game lasted 00:20:13 (9210 turns).

removed the Stinger (Demigod Venom Mage)            Turns: 9210, Time: 00:20:14

Health: 0/74       AC: 11    Str: 11    XL:     9   Next: 67%
Magic:  29/29      EV: 13    Int: 25    God:
Gold:   563        SH:  3    Dex: 16    Spells: 14/18 levels left

rFire    + . .     SeeInvis .   S - +2 quarterstaff (distort)
rCold    . . .     Gourm    .   (shield currently unavailable)
rNeg     . . .     Faith    .   X - +3 ring mail {rF+}
rPois    .         Spirit   .   (no helmet)
rElec    .         Reflect  +   z - +0 cloak
rCorr    .         Harm     .   (no gloves)
MR       .....                  E - +1 pair of boots
Stlth    +.........             m - +3 amulet of reflection
HPRegen  0.22/turn              x - ring of magical power
MPRegen  0.21/turn              (no ring)

@: drained
A: high mp 1
a: no special abilities


You were on level 9 of the Dungeon.
You were not hungry.

You visited 1 branch of the dungeon, and saw 9 of its levels.
You also visited: Ossuary.

You collected 563 gold pieces.

Inventory:

Hand Weapons
 a - a +2 quarterstaff of chaos
 b - a +1 flail of protection
 j - a cursed -2 club
 r - a +0 dagger
 w - a +0 short sword
 Q - a +0 halberd of protection
 S - a +2 quarterstaff of distortion (weapon)
 Z - a +0 trident of venom
Armour
 z - a +0 cloak (worn)
 A - a +0 robe
 E - a +1 pair of boots (worn)
 I - a +0 ring mail of cold resistance
 X - a +3 ring mail of fire resistance (worn)
Magical Staves
 Y - an uncursed staff of earth {unknown}
Jewellery
 m - a +3 amulet of reflection (around neck)
 x - a ring of magical power (left hand)
 V - an uncursed ring of fire
Wands
 H - a wand of random effects (12/48)
 N - a wand of flame (39/48)
 T - a wand of digging (9/24)
 W - a wand of lightning (5/15)
Scrolls
 d - 4 scrolls of remove curse
 h - 4 scrolls of recharging
 l - 4 scrolls of teleportation
 s - 2 scrolls of fog
 C - a scroll of blinking
 G - a scroll of random uselessness
Potions
 e - 2 potions of invisibility
 g - a potion of brilliance
 k - 3 potions of haste
 p - 2 potions of berserk rage
 q - 3 potions of lignification
 u - a potion of might
 v - 2 potions of agility
 B - a potion of mutation
 F - 3 potions of resistance
 L - a potion of flight {unknown}
 O - 3 potions of cancellation
 R - 6 potions of curing
 U - 3 potions of magic {unknown}
Books
 K - a Young Poisoner's Handbook

   Spells                             Type                      Level
   a - Sting                          Conjuration/Poison           1
   b - Poisonous Vapours              Poison/Air                   2
   c - Mephitic Cloud                 Conjuration/Poison/Air       3
   d - Olgreb's Toxic Radiance        Poison                       4
   e - Venom Bolt                     Conjuration/Poison           5
Comestibles
 c - 5 bread rations
 t - 3 meat rations
 D - 5 fruits


   Skills:
 - Level 5.5(5.0) Fighting
 - Level 5.0(4.5) Dodging
 - Level 1.7(1.3) Stealth
 - Level 5.2(4.7) Spellcasting
 + Level 6.9(6.3) Conjurations
 + Level 7.0(6.4) Poison Magic


You had 14 spell levels left.
You knew the following spells:

 Your Spells              Type           Power        Failure   Level  Hunger
a - Sting                 Conj/Pois      ####         1%          1    None
m - Mephitic Cloud        Conj/Pois/Air  ####....     11%         3    ##.....


Dungeon Overview and Level Annotations

Branches:
Dungeon (9/15)             Temple (0/1) D:5             Orc (0/2) D:9
   Lair: D:8-11


Innate Abilities, Weirdness & Mutations

You have an increased reservoir of magic. (+10% MP)


Message History

The orc priest hits you but does no damage.
You feel drained. The warg barely misses you. The warg bites you!
You block the warg's attack. The orc priest closely misses you.
You block the warg's attack.
You hit the warg.
Space warps horribly around the warg!
The warg is heavily wounded.
The warg disappears!
The warg completely misses you. The warg bites you!
The orc priest invokes the aid of Beogh against you.
Beogh smites you!
* * * LOW HITPOINT WARNING * * *
The warg closely misses you. The warg bites you.
* * * LOW HITPOINT WARNING * * *
You closely miss the warg.
The warg is heavily wounded.
The warg bites you.
* * * LOW HITPOINT WARNING * * *
The orc priest completely misses you. The warg bites you!
* * * LOW HITPOINT WARNING * * *
The warg bites you.
You die...

#... .....# #
#...# #...###.#
#...# #.......#
#...# #.......#
#...# #..####[#
#...#####..#
#..........#
#....>..oh.####.#
#.......o@h.....#
#..#####ยง[......#
#..# #........#
#..#####........#
#...............#
#...............#
#......)........#
#..#####........#
#..# #........#


You could see 2 wargs, an orc priest and an orc.

Vanquished Creatures
  Joseph (D:8)
  Prince Ribbit (D:8)
  Edmund (D:6)
  A phantom (D:5)
  An ice beast (D:8)
  2 sky beasts
  A necrophage (D:8)
  A black bear (D:8)
  5 ogres
  2 centaurs
  4 elf zombies (Ossuary)
  10 bullfrogs
  2 scorpions
  A crimson imp (D:6)
  2 centaur zombies (Ossuary)
  A bullfrog zombie (D:5)
  2 jellies
  A hound (D:9)
  Crazy Yiuf (D:3)
  3 orc priests
  4 human zombies (Ossuary)
  3 orc wizards
  2 iguanas
  Terence (D:2)
  A worker ant (D:9)
  A hound skeleton (D:5)
  3 mummies (Ossuary)
  11 gnolls
  A howler monkey skeleton (D:6)
  11 adders
  2 shadow imps
  3 adder skeletons
  2 worms (D:3)
  2 dart slugs
  3 leopard geckos
  15 orcs
  2 ball pythons (D:3)
  4 giant cockroaches
  7 goblins
  9 hobgoblins
  14 jackals
  4 quokkas
  3 bats
  5 frilled lizards
  3 kobolds
  A quokka skeleton (D:6)
  7 rats
167 creatures vanquished.

Vanquished Creatures (others)
  An elf zombie (Ossuary)
  A centaur zombie (Ossuary)
  An adder skeleton (D:9)
  2 fungi (D:3)
5 creatures vanquished.

Grand Total: 172 creatures vanquished

Notes
Turn   | Place    | Note
-------+----------+-------------------------------------------
     0 | D:1      | removed the Demigod Venom Mage began the quest for the Orb.
     0 | D:1      | Reached XP level 1. HP: 14/14 MP: 5/5
    31 | D:1      | Reached skill level 1 in Conjurations
   554 | D:1      | Reached XP level 2. HP: 20/20 MP: 2/7
  1455 | D:2      | Reached XP level 3. HP: 26/26 MP: 4/8
  2105 | D:2      | Learned a level 3 spell: Mephitic Cloud
  2150 | D:2      | Noticed Terence
  2174 | D:2      | Killed Terence
  2174 | D:2      | Reached skill level 3 in Poison Magic
  2494 | D:3      | Reached XP level 4. HP: 33/33 MP: 9/9
  2777 | D:3      | Found a stormy altar of Qazlal.
  2976 | D:3      | Found a runed door.
  3206 | D:3      | Reached XP level 5. HP: 38/38 MP: 6/10
  3418 | D:3      | Noticed Crazy Yiuf
  3426 | D:3      | Killed Crazy Yiuf
  3596 | D:4      | Reached skill level 4 in Poison Magic
  3643 | D:4      | Noticed an ogre
  3684 | D:4      | Killed an ogre
  4074 | D:4      | Reached XP level 6. HP: 36/45 MP: 11/11
  4474 | D:5      | Entered Level 5 of the Dungeon
  4709 | D:5      | Reached skill level 5 in Conjurations
  4925 | D:5      | Found a shimmering altar of Xom.
  5003 | D:5      | Reached skill level 5 in Poison Magic
  5048 | D:5      | Reached XP level 7. HP: 50/50 MP: 13/14
  5069 | D:5      | Reached skill level 1 in Fighting
  5254 | D:5      | Found a staircase to the Ecumenical Temple.
  5817 | D:6      | Noticed Edmund
  5855 | D:6      | Killed Edmund
  6006 | D:6      | Reached XP level 8. HP: 66/66 MP: 15/15
  7078 | D:8      | Noticed Joseph
  7106 | D:8      | Killed Joseph
  7106 | D:8      | Reached skill level 6 in Poison Magic
  7139 | D:8      | Found a sand-covered staircase.
  7146 | Ossuary  | Entered an ossuary
  7338 | Ossuary  | Reached skill level 5 in Dodging
  7378 | Ossuary  | Reached XP level 9. HP: 64/72 MP: 16/16
  7385 | Ossuary  | Reached skill level 5 in Fighting
  7763 | D:8      | Noticed Prince Ribbit
  7777 | D:8      | Killed Prince Ribbit
  8449 | D:8      | Reached skill level 5 in Spellcasting
  8633 | D:9      | Found an iron altar of Okawaru.
  8926 | D:9      | Reached skill level 7 in Poison Magic
  9093 | D:9      | Found a staircase to the Orcish Mines.
  9210 | D:9      | Slain by a warg

Vault maps used:
D:1:      ncdulo_halloftheorcs
D:2:      uniq_terence
D:3:      nicolae_qazlal_eye_of_the_storm, uniq_crazy_yiuf_cottage
D:5:      minmay_temple_entry_fiery, first_bread, minmay_misc_feat_enclosed,
          xom_teletrap_fun
D:6:      uniq_edmund
D:8:      nicolae_ossuary_entry_plus, uniq_prince_ribbit1, uniq_joseph
D:9:      nicolae_overflow_crystal_walls, erik_lair_orcish_takeover, orc_0_dummy
Ossuary:  ossuary_minmay_four_chambers

Skill      XL: |  1  2  3  4  5  6  7  8  9 |
---------------+----------------------------+-----
Conjurations   | 2 3 4 5 6 |  6.9
Poison Magic   | 3 4 5 6 7 |  7.0
Spellcasting   | 3 5 |  5.2
Fighting       | 3 4 5 |  5.5
Dodging        | 4 5 |  5.0
Stealth        | |  1.7

Action                   |  1- 3 |  4- 6 |  7- 9 || total
-------------------------+-------+-------+-------++-------
Melee: Quarterstaff      |       |    13 |   160 ||   173
 Cast: Sting             |    86 |   136 |   270 ||   492
       Mephitic Cloud    |     1 |     5 |    13 ||    19
Evoke: Wand              |       |       |     3 ||     3
  Use: Scroll            |       |     5 |    17 ||    22
 Stab: Distracted        |       |     1 |     1 ||     2
       Sleeping          |       |       |     1 ||     1
  Eat: Chunk             |     3 |     9 |     7 ||    19
       Royal jelly       |     1 |       |       ||     1
       Bread ration      |       |       |     2 ||     2
Armor: Robe              |     3 |     2 |     9 ||    14
       Ring mail         |       |       |    56 ||    56
Dodge: Dodged            |     9 |    15 |   127 ||   151
Block: Other             |       |     2 |    26 ||    28
       Reflection        |       |     1 |     3 ||     4

Table legend:
 A = Spawn XP
 B = Non-spawn XP
 C = Spawn XP percentage of total XP
 D = Spawn monster count
 E = Non-spawn monster count
 F = Spawn count percentage of total count
 G = Total turns spent on level
                    A         B        C        D         E        F      G
               +---------+---------+-------+---------+---------+-------+---------
         Total |       0 |    5518 |   0.0 |       0 |     170 |   0.0 |  9210
               +---------+---------+-------+---------+---------+-------+---------
           D:1 |       0 |      34 |   0.0 |       0 |      20 |   0.0 |  1295
           D:2 |       0 |      78 |   0.0 |       0 |      12 |   0.0 |  1156
           D:3 |       0 |     185 |   0.0 |       0 |      33 |   0.0 |  1056
           D:4 |       0 |     193 |   0.0 |       0 |       8 |   0.0 |  1005
           D:5 |       0 |     917 |   0.0 |       0 |      15 |   0.0 |  1112
           D:6 |       0 |     566 |   0.0 |       0 |      16 |   0.0 |   862
           D:7 |       0 |     304 |   0.0 |       0 |      12 |   0.0 |   768
           D:8 |       0 |    1534 |   0.0 |       0 |      16 |   0.0 |   973
           D:9 |       0 |     882 |   0.0 |       0 |      23 |   0.0 |   677
       Ossuary |       0 |     825 |   0.0 |       0 |      15 |   0.0 |   306
               +---------+---------+-------+---------+---------+-------+---------
